 Dungeon Crawl Stone Soup version 0.31-a0-844-gdc52ec4e09 (webtiles) character file.

Game seed: 10699861659555506183

7 pop123321pop the Sneak (level 1, 0/17 HPs)
             Began as a Minotaur Enchanter on Sept 30, 2023.
             Constricted to death by a ball python (1 damage)
             ... on level 1 of the Dungeon.
             The game lasted 00:00:16 (47 turns).

pop123321pop the Sneak (Minotaur Enchanter)           Turns: 47, Time: 00:00:17

Health: 0/17       AC:  2    Str: 12    XL:     1   Next: 83%
Magic:  1/1        EV:  9    Int: 12    God:
Gold:   0          SH:  0    Dex: 10    Spells: 2/2 levels left

rFire   . . .        a - +1 dagger
rCold   . . .        (no shield)
rNeg    . . .        b - +0 robe
rPois   .            (helmet restricted)
rElec   .            (no cloak)
rCorr   .            (no gloves)
SInv    .            (no boots)
Will    .....        (no amulet)
Stlth   ++           (no ring)
HPRegen 0.22/turn    (no ring)
MPRegen 0.07/turn

%: no passive effects
@: constricted
A: horns 2, retaliatory headbutt
a: no special abilities


You were on level 1 of the Dungeon.
You visited 1 branch of the dungeon, and saw 1 of its levels.

Inventory:

Hand Weapons
 a - a +1 dagger (weapon)
Armour
 b - a +0 robe (worn)
Potions
 c - 2 potions of invisibility
 d - a potion of mutation {unknown}


   Skills:
 + Level 1.9 Fighting
 - Level 1.1 Short Blades
 - Level 2.1 Dodging
 - Level 2.4 Stealth
 - Level 1.3 Spellcasting
 - Level 2.0 Hexes


You had 2 spell levels left.
You didn't know any spells.
Your spell library contained the following spells:

 Spells                   Type           Power      Damage    Failure   Level
 Ensorcelled Hibernation  Hex/Ice        6%         N/A       28%         2
 Confusing Touch          Hex            5%         N/A       36%         3
 Tukima's Dance           Hex            5%         N/A       36%         3
 Dazzling Flash           Conj/Hex       6%         N/A       50%         3


Dungeon Overview and Level Annotations

Branches:
Dungeon (1/15)

Altars:


Innate Abilities, Weirdness & Mutations

You have a pair of horns on your head.
You reflexively headbutt those who attack you in melee.


Message History

Found a leather armour and a mace.
The ball python hisses angrily.
A hobgoblin comes into view.
The rat closely misses you. You furiously retaliate!
You headbutt the rat, but do no damage.
Unknown command.
You hit the rat.
You kill the rat!
Unknown command.
The ball python completely misses you. The ball python closely misses you.
Unknown command.
You hit the ball python but do no damage.
A bat comes into view.
The ball python barely misses you. The ball python grabs you.
The ball python constricts you.
The bat moves out of view.
Unknown command.
You closely miss the ball python. The ball python bites you.
The ball python constricts you.
Unknown command.
You are too injured to fight recklessly!
Nothing quivered!
Unknown command.
You are too injured to fight recklessly!
You are too injured to fight recklessly!
You barely miss the ball python. The ball python bites you.
The ball python constricts you.
* * * LOW HITPOINT WARNING * * *
The hobgoblin hits you.
* * * LOW HITPOINT WARNING * * *
You barely miss the ball python. Your headbutt misses the ball python.
The ball python barely misses you. You furiously retaliate!
You headbutt the ball python. The ball python constricts you.
* * * LOW HITPOINT WARNING * * *
The hobgoblin misses you.
You completely miss the ball python.
The ball python is severely wounded.
The ball python bites you.
* * * LOW HITPOINT WARNING * * *
The ball python constricts you.
You die...

.. #......... ###
######......##. .
#.............. .##.
#....#..##.####
....#+#.......# .#
..............##.####
......#...#.).......
#####................
......S@...†.........
......g..###.....(...
..[...#....#....#....
.....###..###..###...
..... .)## ##..# ...
.... ... .... .. ...
.#.. S#... ... ###..
###..


You could see a hobgoblin and a ball python.

Vanquished Creatures
  A giant cockroach (D:1)
  A goblin (D:1)
  3 ball pythons (D:1)
  A rat (D:1)
6 creatures vanquished.

Notes
Turn   | Place    | Note
-------+----------+-------------------------------------------
     0 | D:1      | pop123321pop the Minotaur Enchanter began the quest for the
                  | Orb.
     0 | D:1      | Reached XP level 1. HP: 14/14 MP: 1/1
    30 | D:1      | Reached skill level 1 in Fighting
    47 | D:1      | Constricted to death by a ball python

Illustrated notes

Levels and vault maps discovered:
D:1:      shiori_shiawase, layout_rooms, nicolae_ecumenical_snake_handling,
          minivault_25, hex_medium, hangedman_decor_points

Skill      XL: |  1 |
---------------+----+-----
Fighting       | 1 |  1.9
Short Blades   | |  1.1
Dodging        | |  2.1
Stealth        | |  2.4
Spellcasting   | |  1.3
Hexes          | |  2.0

Action                     || total
---------------------------++-------
  Melee: Dagger            ||    16
         Headbutt          ||     4
 Armour: Robe              ||    12
  Dodge: Dodged            ||    13

Table legend: (Time is in decaauts)
 A = Elapsed time spent in this place.
 B = Non-inter-level travel time spent in this place.
 C = Inter-level travel time spent in this place.
 D = Time resting spent in this place.
 E = Time spent auto-exploring this place.
 F = Levels seen in this place.
 G = Mean time per level.
                   A        B        C        D        E       F      G
               +--------+--------+--------+--------+--------+-----+--------+
         Total |     46 |     46 |      0 |      0 |     15 |   1 |   46.0 |
       Dungeon |     46 |     46 |      0 |      0 |     15 |   1 |   46.0 |
               +--------+--------+--------+--------+--------+-----+--------+

Top non-repeatable levels by time:
     D:1: 46 daAuts
